 Dungeon Crawl Stone Soup version 0.25.1-2-g60ff931df9 (webtiles) character file.

Game seed: 7116315197052023140

15110 Luthien the Thaumaturge (level 11, -2/68 HPs)
             Began as a Deep Elf Conjurer on Aug 19, 2020.
             Was an Elder of Vehumet.
             Slain by a crocodile (14 damage)
             ... on level 1 of the Lair of Beasts.
             The game lasted 01:02:59 (13671 turns).

Luthien the Thaumaturge (Deep Elf Conjurer)        Turns: 13671, Time: 01:02:59

Health: -2/68      AC:  9    Str:  5    XL:     11   Next: 97%
Magic:  16/38      EV: 15    Int: 24    God:    Vehumet [****..]
Gold:   462        SH:  5    Dex: 15    Spells: 21/35 levels left

rFire    . . .     SeeInvis .   a - staff of conjuration
rCold    . . .     Gourm    .   o - +0 buckler
rNeg     . . .     Faith    .   T - +0 steam dragon scales
rPois    .         Spirit   .   Q - +2 hat
rElec    .         Reflect  .   C - scarf {repulsion}
rCorr    .         Harm     .   (no gloves)
MR       ++...                  k - +1 pair of boots
Stlth    +++.......             (no amulet)
HPRegen  0.21/turn              L - ring of magical power
MPRegen  0.26/turn              V - ring of protection from magic

@: repel missiles
A: no striking features
a: Renounce Religion


You were on level 1 of the Lair of Beasts.
You worshipped Vehumet.
Vehumet was greatly pleased with you.
You were very hungry.

You visited 3 branches of the dungeon, and saw 13 of its levels.

You collected 462 gold pieces.

Inventory:

Hand Weapons
 H - a +0 hunting sling
 U - a +2 vorpal long sword
Missiles
 j - 7 atropa-tipped darts (quivered)
 p - 180 arrows
 q - 131 sling bullets
 u - 350 stones
 w - 7 javelins
 A - 4 boomerangs of dispersal
 M - 2 throwing nets
 O - 14 boomerangs
 P - 35 poisoned darts
 S - 6 large rocks
 W - 46 bolts
Armour
 d - a +0 leather armour of fire resistance
 k - a +1 pair of boots (worn)
 o - a +0 buckler (worn)
 C - a scarf of repulsion (worn)
 Q - a +2 hat (worn)
 T - +0 steam dragon scales (worn)
Magical Staves
 a - an uncursed staff of conjuration (weapon)
Jewellery
 v - an uncursed ring of see invisible
 L - a ring of magical power (left hand)
 V - a ring of protection from magic (right hand)
Wands
 b - a wand of disintegration (29)
 G - a wand of iceblast (7)
 Y - a wand of paralysis (4)
Scrolls
 l - 5 scrolls of teleportation
 m - 2 scrolls of remove curse
 n - 2 scrolls of magic mapping
 t - 2 scrolls of amnesia
 B - a scroll of immolation {unknown}
 D - a scroll of torment {unknown}
 E - 2 scrolls of fog
 J - a scroll of identify
 Z - a scroll of blinking
Potions
 f - a potion of cancellation
 g - 4 potions of brilliance
 h - 2 potions of stabbing
 r - a potion of invisibility {unknown}
 s - 3 potions of flight
 x - 2 potions of curing
 z - 2 potions of magic {unknown}
 K - 3 potions of lignification {unknown}
 N - 2 potions of heal wounds {unknown}
 X - 5 potions of haste
Comestibles
 c - 25 rations


   Skills:
 + Level 8.2 Fighting
 - Level 5.0 Dodging
 - Level 5.1 Stealth
 - Level 4.0 Shields
 + Level 12.8 Spellcasting
 + Level 11.5 Conjurations
 - Level 6.0 Hexes
 - Level 5.0 Evocations


You had 21 spell levels left.
You knew the following spells:

 Your Spells              Type           Power        Failure   Level  Hunger
a - Magic Dart            Conj           ####         1%          1    None
b - Searing Ray           Conj           ######       1%          2    None
i - Iskenderun's Mystic   Conj/Tloc      ######..     1%          4    None
p - Fulminant Prism       Conj/Hex       ######....   1%          4    None
A - Dazzling Flash        Conj/Hex       ######       1%          3    None

Your spell library contained the following spells:

 Spells                   Type           Power        Failure   Level  Hunger
 Olgreb's Toxic Radiance  Pois           ###.....     11%         4    None
 Corona                   Hex            #####..      1%          1    None
 Animate Skeleton         Necr           N/A          4%          1    None
 Apportation              Tloc           ###...       4%          1    None
 Summon Small Mammal      Summ           ###.         4%          1    None


Dungeon Overview and Level Annotations

Branches:
Dungeon (11/15)            Temple (1/1) D:7            Lair (1/6) D:11
    Orc: D:9-12

Altars:
Gozag
Kikubaaqudgha
Makhleb
Nemelex Xobeh
Ru
Sif Muna
Trog
Uskayaw
Vehumet
Wu Jian
Xom
Yredelemnul
Zin
The Shining One
Beogh

Shops:
D:8 }   D:9 :

Annotations:
D:2 1 runed translucent door, Crazy Yiuf
D:3 3 runed translucent doors, Setanta's ghost, amateur DsFi
D:5 Blork the orc
D:9 1 runed translucent door, Vinx's ghost, novice DDBe


Message History

The searing ray hits the four-headed hydra!
The four-headed hydra is severely wounded. (Press . to maintain the ray.)
A porcupine comes into view.
The four-headed hydra closely misses you.
The four-headed hydra bites you! x2
* * * LOW HITPOINT WARNING * * *
The four-headed hydra barely misses you.
The crocodile completely misses you.
Your fulminant prism explodes!
The blast of energy engulfs the black mamba!
The black mamba is moderately wounded.
The blast of energy engulfs the four-headed hydra!!
You kill the four-headed hydra!
Vehumet accepts your kill.
You feel your power returning.
Your fulminant prism crackles loudly.
You hear an angry hiss.
The crocodile bites you!
You die...

##.(...
.##..$...
........###
.#...≈..P.##
..≈≈≈≈≈....##
.≈≈≈≈≈≈....P###
.≈≈≈≈≈≈.....†..
.≈≈≈≈≈t@.F..#
.≈≈≈≈≈.†....#
§≈≈≈*≈≈≈.......
..≈≈≈≈≈S.......
...≈≈≈≈........
.#..≈≈≈..#....#
#....r#...###.
.?.... ....


You could see a black mamba, a blink frog, a crocodile, a porcupine and a
friendly fulminant prism.

Vanquished Creatures
  2 hydras
  2 two-headed ogres (D:11)
  Urug (D:10)
  An unseen horror (D:11)
  Pikel (D:6)
  A manticore (D:11)
  A cyclops (D:11)
  Maggie (D:7)
  A troll (D:11)
  6 blink frogs (Lair:1)
  Prince Ribbit (D:9)
  2 dream sheep (D:9)
  9 yaks
  2 steam dragons (D:9)
  A soldier ant (D:11)
  2 water moccasins
  Duvessa (D:7)
  7 orc warriors
  An ice beast (D:6)
  2 phantoms (D:7)
  3 sky beasts
  A black bear (D:5)
  A necrophage (D:11)
  6 centaurs
  2 ogres
  A crocodile (Lair:1)
  6 bullfrogs
  3 big kobolds (D:9)
  A gnoll sergeant (D:10)
  Dowan (D:7)
  3 killer bees (D:10)
  9 howler monkeys
  8 wights
  3 vampire bats (D:9)
  2 crimson imps
  2 centaur zombies
  3 bullfrog zombies
  A gnoll shaman (D:6)
  5 orc priests
  4 hounds
  5 orc wizards
  3 centaur skeletons
  2 iguanas
  12 worker ants
  A killer bee zombie (D:6)
  7 gnolls
  13 adders
  2 adder zombies (D:4)
  3 adder skeletons
  4 worms
  6 dart slugs
  10 leopard geckos
  37 orcs
  10 bats
  3 bat skeletons (D:9)
  A bat zombie (D:9)
  8 giant cockroaches
  5 goblins
  7 hobgoblins
  8 jackals
  16 kobolds
  3 quokkas
  A ball python (D:2)
  6 frilled lizards
  A jackal skeleton (D:9)
  3 leopard gecko skeletons (D:4)
  A leopard gecko zombie (D:4)
  A quokka skeleton (D:4)
  A quokka zombie (D:4)
  4 rats
  A fungus (D:2)
  3 plants (D:9)
298 creatures vanquished.

Vanquished Creatures (others)
  73 fulminant prisms
  2 withered plants (D:9)
75 creatures vanquished.

Grand Total: 373 creatures vanquished

Notes
Turn   | Place    | Note
-------+----------+-------------------------------------------
     0 | D:1      | Luthien the Deep Elf Conjurer began the quest for the Orb.
     0 | D:1      | Reached XP level 1. HP: 10/10 MP: 6/6
   343 | D:1      | Reached XP level 2. HP: 15/15 MP: 6/8
   347 | D:1      | Learned a level 2 spell: Searing Ray
  1649 | D:1      | Reached XP level 3. HP: 19/19 MP: 7/9
  2015 | D:2      | Reached XP level 4. HP: 11/24 MP: 3/11
  2913 | D:2      | Found a runed translucent door.
  2914 | D:2      | Noticed Crazy Yiuf
  3120 | D:3      | Found a runed translucent gate.
  3120 | D:3      | Found a runed translucent gate.
  3120 | D:3      | Found a runed translucent gate.
  3128 | D:3      | Reached skill level 1 in Fighting
  3128 | D:3      | Reached skill level 1 in Shields
  3128 | D:3      | Reached skill level 4 in Spellcasting
  3128 | D:3      | Reached skill level 5 in Conjurations
  3398 | D:3      | Found a bloodstained altar of Trog.
  3408 | D:3      | Reached XP level 5. HP: 29/29 MP: 6/13
  3709 | D:3      | Found a glowing golden altar of the Shining One.
  3895 | D:3      | Noticed Setanta's ghost (amateur DsFi)
  3896 | D:3      | Identified the +0 scale mail "Teugim" {+Fly MR+ rCorr}
  3898 | D:3      | Found a roughly hewn altar of Beogh.
  4509 | D:4      | Reached skill level 1 in Evocations
  4555 | D:4      | Reached XP level 6. HP: 26/34 MP: 5/14
  5565 | D:5      | Entered Level 5 of the Dungeon
  5584 | D:5      | Reached XP level 7. HP: 39/39 MP: 12/16
  5592 | D:5      | Learned a level 4 spell: Fulminant Prism
  5597 | D:5      | Learned a level 4 spell: Iskenderun's Mystic Blast
  5624 | D:5      | Reached skill level 5 in Spellcasting
  5777 | D:5      | Noticed Blork the orc
  5838 | D:6      | Found a shimmering altar of Xom.
  5838 | D:6      | Found a glowing silver altar of Zin.
  5838 | D:6      | Noticed an angel
  6137 | D:6      | Reached skill level 5 in Stealth
  6217 | D:6      | Reached skill level 5 in Dodging
  6217 | D:6      | Reached XP level 8. HP: 45/45 MP: 15/18
  6278 | D:6      | Noticed Pikel
  6505 | D:6      | Found a sacrificial altar of Ru.
  6711 | D:6      | Reached skill level 6 in Spellcasting
  6997 | D:6      | Killed Pikel
  7257 | D:6      | Found a glowing golden altar of the Shining One.
  7330 | D:6      | Found a basalt altar of Yredelemnul.
  7581 | D:7      | Reached skill level 7 in Spellcasting
  7581 | D:7      | Reached XP level 9. HP: 52/52 MP: 17/21
  7776 | D:7      | Noticed Maggie
  7783 | D:7      | Killed Maggie
  7783 | D:7      | Reached skill level 5 in Evocations
  7903 | D:7      | Found a staircase to the Ecumenical Temple.
  7927 | Temple   | Entered the Ecumenical Temple
  7935 | Temple   | Became a worshipper of Vehumet
  8267 | D:7      | Noticed Duvessa
  8271 | D:7      | Noticed Dowan
  8274 | D:7      | Killed Duvessa
  8276 | D:7      | Killed Dowan
  8276 | D:7      | Reached skill level 8 in Spellcasting
  8936 | D:8      | Found Gicaaru's Gadget Shop.
  9055 | D:8      | Found a hide-covered altar of Uskayaw.
  9190 | D:8      | Found an opulent altar of Gozag.
  9190 | D:8      | Found an ornate altar of the Wu Jian Council.
  9288 | D:8      | Found a shimmering blue altar of Sif Muna.
  9330 | D:8      | Reached * piety under Vehumet
  9330 | D:8      | Offered knowledge of Sandblast by Vehumet.
  9330 | D:8      | Reached skill level 5 in Fighting
  9330 | D:8      | Reached skill level 9 in Spellcasting
  9461 | D:8      | Learned a level 3 spell: Dazzling Flash
  9491 | D:9      | Noticed Prince Ribbit
  9500 | D:9      | Killed Prince Ribbit
  9596 | D:9      | Reached XP level 10. HP: 55/59 MP: 19/25
  9694 | D:9      | Found Paesir's Book Shoppe.
 10024 | D:9      | Found a runed translucent door.
 10028 | D:9      | Noticed Vinx's ghost (novice DDBe)
 10320 | D:9      | Found an ancient bone altar of Kikubaaqudgha.
 10404 | D:9      | Reached skill level 10 in Spellcasting
 10407 | D:9      | Reached ** piety under Vehumet
 10407 | D:9      | Offered knowledge of Shock by Vehumet.
 10642 | D:9      | Noticed a three-headed hydra
 10648 | D:9      | Killed a three-headed hydra
 10879 | D:10     | Entered Level 10 of the Dungeon
 10978 | D:10     | Reached skill level 10 in Conjurations
 11160 | D:10     | Reached skill level 11 in Spellcasting
 11368 | D:10     | Offered knowledge of Mephitic Cloud by Vehumet.
 11807 | D:10     | Noticed Urug
 11816 | D:10     | Killed Urug
 11816 | D:10     | Reached XP level 11. HP: 67/67 MP: 21/28
 12088 | D:11     | Reached *** piety under Vehumet
 12092 | D:11     | Noticed a two-headed ogre
 12099 | D:11     | Killed a two-headed ogre
 12346 | D:11     | Reached skill level 12 in Spellcasting
 12381 | D:11     | Found a staircase to the Lair.
 12521 | D:11     | Reached skill level 1 in Hexes
 12521 | D:11     | Offered knowledge of Olgreb's Toxic Radiance by Vehumet.
 13059 | D:11     | Noticed a two-headed ogre
 13069 | D:11     | Killed a two-headed ogre
 13132 | D:11     | Killed an unseen horror
 13479 | D:11     | Reached skill level 5 in Hexes
 13658 | Lair:1   | Entered Level 1 of the Lair of Beasts
 13663 | Lair:1   | Reached **** piety under Vehumet
 13665 | Lair:1   | Noticed a four-headed hydra
 13670 | Lair:1   | Killed a four-headed hydra
 13671 | Lair:1   | Slain by a crocodile

Illustrated notes

Levels and vault maps discovered:
D:1:      noname_arrival_rooms_in_the_neighbourhood, layout_loops_corners,
          minivault_5
D:2:      layout_rooms, uniq_crazy_yiuf_cottage
D:3:      layout_basic, tso_altar, overflow_temple_1_default,
          biasface_ghost_orc_armoury
D:4:      layout_cave_pools, serial_undead, serial_undead_c, serial_undead_f,
          serial_undead_e, serial_undead_f, serial_undead_f
D:5:      layout_rooms, kennysheep_mini_moat, lemuel_doored_altar, first_ration,
          uniq_blork_the_orc
D:6:      layout_loops_cross, grunt_temple_overflow_order_and_chaos_1,
          nicolae_ru_sacrificial_ziggurat, lemuel_coloured_pillars_altar,
          basic_altar, minmay_misc_feat_x, uniq_pikel
D:7:      layout_layer_cave, minmay_temple_entry_overgrown, uniq_maggie,
          uniq_duvessa
D:8:      layout_rooms, eat_drink_and_be_merry_uskayaw,
          gammafunk_temple_overflow_elements, kennysheep_little_box,
          serial_shops, nicolae_shop_statue_plus
D:9:      cheibrodos_steamvent, layout_rooms, kennysheep_vampire_church,
          gammafunk_ghost_grave, small_statue_intersection, hangedman_ranch
          [blue_anna_fruit_fields], minmay_shop_grid_forest, uniq_prince_ribbit1
D:10:     layout_roguey, minivault_24, uniq_urug
D:11:     layout_loops_cross, lair_entry_dummy
Temple:   dpeg_three_leaves_temple
Lair:1:   layout_misc_corridors, grunt_megastairs_3, infiniplex_staircase_pool

Skill      XL: |  1  2  3  4  5  6  7  8  9 10 11 |
---------------+----------------------------------+-----
Stealth        | 3 4 5 |  5.1
Dodging        | 3 4 5 |  5.0
Fighting       | 1 2 3 5 7 8 |  8.2
Shields        | 1 2 3 4 |  4.0
Spellcasting   | 4 5 7 9 11 12 | 12.8
Conjurations   | 5 7 8 10 11 | 11.5
Evocations     | 1 2 4 5 |  5.0
Hexes          | 6 |  6.0

Action                   |  1- 3 |  4- 6 |  7- 9 | 10-12 || total
-------------------------+-------+-------+-------+-------++-------
Melee: Dagger            |     2 |       |       |       ||     2
       Mace              |       |    38 |       |       ||    38
       Staff             |       |     1 |     2 |     5 ||     8
 Cast: Magic Dart        |    23 |    18 |     3 |    12 ||    56
       Searing Ray       |    20 |    52 |    63 |    50 ||   185
       Fulminant Prism   |       |       |       |    74 ||    74
  Use: Scroll            |       |     7 |       |    12 ||    19
  Eat: Chunk             |     4 |    11 |     9 |    11 ||    35
       Ration            |       |       |     1 |       ||     1
Armor: Robe              |     1 |       |       |       ||     1
       Leather armour    |     5 |    16 |     6 |       ||    27
       Steam dragon scal |       |       |     3 |    14 ||    17
       Skin              |       |       |       |     3 ||     3
Dodge: Dodged            |    16 |    20 |    25 |    58 ||   119
       Repelled          |       |       |     4 |     3 ||     7
Block: Buckler           |     1 |     4 |    13 |    14 ||    32
